 Dungeon Crawl Stone Soup version 0.24.0-13-gcf9b319 (webtiles) character file.

Game seed: 8143820631172100970, levelgen mode: deterministic

344 Afromullet the Grasshopper (level 6, -7/51 HPs)
             Began as a Gnoll Warper on Feb 3, 2020.
             Killed from afar by an orc wizard (8 damage)
             ... with a puff of flame
             ... on level 4 of the Dungeon.
             The game lasted 00:11:55 (3237 turns).

Afromullet the Grasshopper (Gnoll Warper)           Turns: 3237, Time: 00:11:55

Health: -7/51      AC:  4    Str: 15    XL:     6   Next: 58%
Magic:  14/14      EV: 14    Int: 16    God:
Gold:   64         SH:  0    Dex: 14    Spells: 5/15 levels left

rFire    . . .     SeeInvis .   a - +0 falchion
rCold    . . .     Gourm    .   (no shield)
rNeg     . . .     Faith    .   b - +1 leather armour
rPois    .         Spirit   .   (no helmet)
rElec    .         Reflect  .   (no cloak)
rCorr    .         Harm     .   (no gloves)
MR       +....                  (no boots)
Stlth    ++........             (no amulet)
HPRegen  0.17/turn              l - ring of protection from magic
MPRegen  0.14/turn              (no ring)

@: flying
A: distributed training, fangs 1, strong nose
a: no special abilities


You were on level 4 of the Dungeon.
You were hungry.

You visited 1 branch of the dungeon, and saw 4 of its levels.

You collected 64 gold pieces.

Inventory:

Hand Weapons
 a - a +0 falchion (weapon)
 e - a +0 flail
 k - a +0 great mace
Missiles
 o - 8 silver boomerangs (quivered)
 p - 22 poisoned darts
Armour
 b - a +1 leather armour (worn)
Jewellery
 c - an uncursed amulet of the gourmand
 l - a ring of protection from magic (left hand)
Scrolls
 d - 2 scrolls of blinking
 g - 2 scrolls of fear
 m - a scroll of enchant armour
Comestibles
 f - 2 rations


   Skills:
 + Level 5.0 Fighting
 + Level 2.0 Short Blades
 + Level 5.0 Long Blades
 + Level 2.0 Axes
 + Level 2.0 Maces & Flails
 + Level 2.0 Polearms
 + Level 2.0 Staves
 + Level 2.0 Slings
 + Level 2.0 Bows
 + Level 2.0 Crossbows
 + Level 3.2 Throwing
 + Level 3.2 Armour
 + Level 5.0 Dodging
 + Level 2.0 Stealth
 + Level 2.0 Shields
 + Level 2.0 Unarmed Combat
 + Level 5.4 Spellcasting
 + Level 1.5 Conjurations
 + Level 1.5 Hexes
 + Level 1.5 Charms
 + Level 1.5 Summonings
 + Level 1.5 Necromancy
 + Level 5.6 Translocations
 + Level 1.5 Transmutations
 + Level 1.5 Fire Magic
 + Level 1.5 Ice Magic
 + Level 1.5 Air Magic
 + Level 1.5 Earth Magic
 + Level 1.5 Poison Magic
 + Level 2.2 Invocations
 + Level 2.0 Evocations


You had 5 spell levels left.
You knew the following spells:

 Your Spells              Type           Power        Failure   Level  Hunger
a - Blink                 Tloc           N/A          2%          2    #......
b - Lesser Beckoning      Tloc           ###.......   5%          3    ###....
c - Gell's Gravitas       Tloc           ###.......   5%          3    ###....
d - Shroud of Golubria    Chrm/Tloc      ###...       6%          2    #......

Your spell library contained the following spells:

 Spells                   Type           Power        Failure   Level  Hunger
 Teleport Other           Tloc           ###.....     5%          3    ###....
 Beastly Appendage        Tmut           #.....       10%         1    None
 Sticks to Snakes         Tmut           #.......     14%         2    #......
 Passage of Golubria      Tloc           N/A          17%         4    ####...
 Spider Form              Tmut/Pois      #.........   28%         3    ###....
 Ice Form                 Ice/Tmut       #.......     67%         4    ####...
 Blade Hands              Tmut           #.........   95%         5    ######.


Dungeon Overview and Level Annotations

Branches:
Dungeon (4/15)
 Temple: D:4-7

Altars:
Dithmenos
Elyvilon
Hepliaklqana
Kikubaaqudgha
Yredelemnul

Annotations:
D:3 Sigmund


Innate Abilities, Weirdness & Mutations

Your experience applies equally to all skills.
You have very sharp teeth.
Your uncanny sense of smell can sniff out nearby items.


Message History

The orc wizard barely misses you. The orc priest closely misses you.
You riposte.
You hit the orc priest but do no damage.
The orc priest is moderately wounded.
You hit the orc wizard but do no damage.
The orc wizard is severely wounded.
The orc wizard barely misses you. The orc priest misses you.
You riposte.
You completely miss the orc priest. You punch the orc priest.
The orc priest is moderately wounded.
You barely miss the orc wizard.
You bite the orc wizard, but do no damage.
The orc wizard is severely wounded.
The orc wizard gestures at you while chanting.
The magic dart hits you.
* * * LOW HITPOINT WARNING * * *
The orc priest hits you.
* * * LOW HITPOINT WARNING * * *
The orc wizard gestures at you while chanting.
The puff of flame misses you. The puff of flame hits you!
You die...

#...........##
##..........#
#...)...#..##
#......###).# #
##....## #.)# .#
#....# ##.## .#
#...##..#####..#..#
##.#
##รท.##.......## ##
#.@.o.........##
#.._o...#.......
##._8_..##....##.
#..._...##...##
##.......#..##
##...##....#
#..#####.<.# #....
##.....# ..###.
#....##


You could see an orc priest and an orc wizard.

Vanquished Creatures
  Grinder (D:3)
  A worker ant (D:4)
  5 adders
  An adder skeleton (D:4)
  2 worms
  2 dart slugs
  4 orcs
  2 ball pythons (D:3)
  A giant cockroach (D:1)
  10 goblins
  8 hobgoblins
  7 jackals
  2 kobolds
  6 quokkas
  2 bats
  6 frilled lizards
  3 rats
63 creatures vanquished.

Notes
Turn   | Place    | Note
-------+----------+-------------------------------------------
     0 | D:1      | Afromullet the Gnoll Warper began the quest for the Orb.
     0 | D:1      | Reached XP level 1. HP: 20/20 MP: 6/6
   230 | D:1      | Reached XP level 2. HP: 24/26 MP: 7/7
   811 | D:2      | Reached skill level 5 in Spellcasting
   811 | D:2      | Reached XP level 3. HP: 25/31 MP: 7/9
   819 | D:1      | Learned a level 2 spell: Blink
   823 | D:1      | Learned a level 3 spell: Lesser Beckoning
   827 | D:1      | Learned a level 3 spell: Gell's Gravitas
   830 | D:1      | Learned a level 2 spell: Shroud of Golubria
  1284 | D:2      | Reached skill level 1 in Invocations
  1774 | D:2      | Reached skill level 1 in Short Blades
  1774 | D:2      | Reached skill level 1 in Axes
  1774 | D:2      | Reached skill level 1 in Maces & Flails
  1774 | D:2      | Reached skill level 1 in Polearms
  1774 | D:2      | Reached skill level 1 in Staves
  1774 | D:2      | Reached skill level 1 in Slings
  1774 | D:2      | Reached skill level 1 in Bows
  1774 | D:2      | Reached skill level 1 in Crossbows
  1774 | D:2      | Reached skill level 1 in Stealth
  1774 | D:2      | Reached skill level 1 in Shields
  1774 | D:2      | Reached skill level 1 in Unarmed Combat
  1774 | D:2      | Reached skill level 1 in Evocations
  1865 | D:3      | Noticed Sigmund
  1882 | D:2      | Reached XP level 4. HP: 35/38 MP: 8/11
  2480 | D:3      | Noticed Grinder
  2501 | D:3      | Killed Grinder
  2501 | D:3      | Reached skill level 1 in Conjurations
  2501 | D:3      | Reached skill level 1 in Hexes
  2501 | D:3      | Reached skill level 1 in Charms
  2501 | D:3      | Reached skill level 1 in Summonings
  2501 | D:3      | Reached skill level 1 in Necromancy
  2501 | D:3      | Reached skill level 1 in Transmutations
  2501 | D:3      | Reached skill level 1 in Fire Magic
  2501 | D:3      | Reached skill level 1 in Ice Magic
  2501 | D:3      | Reached skill level 1 in Air Magic
  2501 | D:3      | Reached skill level 1 in Earth Magic
  2501 | D:3      | Reached skill level 1 in Poison Magic
  2501 | D:3      | Reached XP level 5. HP: 18/43 MP: 12/12
  2501 | D:3      | Reached XP level 6. HP: 21/50 MP: 14/14
  2821 | D:3      | Found an ancient bone altar of Kikubaaqudgha.
  2895 | D:4      | Found a shadowy altar of Dithmenos.
  2895 | D:4      | Found a white marble altar of Elyvilon.
  2895 | D:4      | Found a basalt altar of Yredelemnul.
  2895 | D:4      | Found a hazy altar of Hepliaklqana.
  2945 | D:4      | Reached skill level 5 in Fighting
  2945 | D:4      | Reached skill level 5 in Long Blades
  2945 | D:4      | Reached skill level 5 in Dodging
  3236 | D:4      | HP: 1/51 [orc priest (3)]
  3237 | D:4      | Killed from afar by an orc wizard

Levels and vault maps discovered:
D:1:      sevenhm_arrival_forest_fort_small_6, layout_loops_cross,
          minmay_misc_feat_rows, minivault_26
D:2:      layout_rooms, first_ration
D:3:      layout_basic, old_standard_altar, grunt_ministairs_2,
          trog_butcher_becter, uniq_sigmund, uniq_grinder
D:4:      layout_layer_cave, kennysheep_mini_moat,
          chequers_temple_overflow_statue_of_worship,
          nicolae_dithmenos_through_a_glass_darkly, uniq_blork_the_orc,
          uniq_duvessa

Skill      XL: |  1  2  3  4  5  6 |
---------------+-------------------+-----
Spellcasting   | 5 |  5.4
Invocations    | 1 2 |  2.2
Short Blades   | 1 2 |  2.0
Axes           | 1 2 |  2.0
Maces & Flails | 1 2 |  2.0
Polearms       | 1 2 |  2.0
Staves         | 1 2 |  2.0
Slings         | 1 2 |  2.0
Bows           | 1 2 |  2.0
Crossbows      | 1 2 |  2.0
Stealth        | 1 2 |  2.0
Shields        | 1 2 |  2.0
Unarmed Combat | 1 2 |  2.0
Evocations     | 1 2 |  2.0
Throwing       | 3 |  3.2
Armour         | 3 |  3.2
Conjurations   | 1 |  1.5
Hexes          | 1 |  1.5
Charms         | 1 |  1.5
Summonings     | 1 |  1.5
Necromancy     | 1 |  1.5
Transmutations | 1 |  1.5
Fire Magic     | 1 |  1.5
Ice Magic      | 1 |  1.5
Air Magic      | 1 |  1.5
Earth Magic    | 1 |  1.5
Poison Magic   | 1 |  1.5
Fighting       | 5 |  5.0
Long Blades    | 5 |  5.0
Dodging        | 5 |  5.0
Translocations | |  5.6

Action                   |  1- 3 |  4- 6 || total
-------------------------+-------+-------++-------
Melee: Falchion          |    95 |    92 ||   187
       Bite              |     5 |    15 ||    20
       Great mace        |       |    32 ||    32
       Punch             |       |     1 ||     1
Throw: Boomerang         |       |     5 ||     5
 Cast: Shroud of Golubri |     5 |     8 ||    13
       Gell's Gravitas   |     1 |     4 ||     5
  Use: Scroll            |     8 |     1 ||     9
       Potion            |       |     7 ||     7
  Eat: Chunk             |     4 |     4 ||     8
Armor: Leather armour    |    25 |    45 ||    70
Dodge: Dodged            |   104 |   127 ||   231
       Rpst.: Falchion   |    32 |    27 ||    59
